AoeStats
← 👑 SyL

Arena

509370525Analyzed
2v2 RM · 7d ago on Sep 26, 2026· 32m 25s· 4 players
Game mode
Random Map
Map size
Medium (4 player)
Population
200
Speed
Normal
Resources
Standard
Victory
Conquest
Starting age
Dark Age
Ending age
Imperial Age
RankedLock teamsTeams togetherTeam positionsShared explorationLock speedFull tech treeHidden civsTurbo modeCheats
Victory
Defeat
1023
+16
🇹🇼 Britons · Taiwan
945
+19
🇧🇾 Bohemians · Belarus
1031
-18
🇷🇴 Gurjaras · Romania
1000
-51
👑 SyL
12:01 Feudal Age
13:52 Gold Mining
13:44 Horse Collar
13:52 Double-Bit Axe
14:04 Stone Mining
15:18 Forging
23:12 Castle Age
24:04 Bow Saw
23:56 Heavy Plow
23:49 Arson
25:31 Heated Shot
27:41 Guard Tower
30:28 Gold Shaft Mining
30:29 Stone Shaft Mining
32:41 Scale Mail Armor
32:47 Scale Barding Armor
33:19 Iron Casting
HotCoffee
10:19 Feudal Age
14:44 Castle Age
13:15 Double-Bit Axe
18:47 Fervor
21:30 Chemistry
23:46 Fletching
27:53 Ballistics
PumAge | carlomagno
10:09 Feudal Age
14:32 Castle Age
12:25 Double-Bit Axe
15:43 Bow Saw
17:00 Loom
17:32 Light Cavalry
18:57 Horse Collar
22:05 Heavy Plow
22:53 Wheelbarrow
25:49 Bloodlines
25:46 Scale Barding Armor
26:53 Chain Barding Armor
27:32 Husbandry
28:36 Forging
28:44 Hand Cart
28:36 Town Watch
29:17 Gold Mining
31:18 Iron Casting
35:11 Imperial Age
Longoooooo
3:59 Loom
11:42 Feudal Age
13:41 Wheelbarrow
13:40 Double-Bit Axe
18:32 Castle Age
17:24 Horse Collar
19:01 Fletching
19:05 Elite Skirmisher
22:33 Town Watch
Connection lost

Rejoining the realm…

Still unreachable

The connection could not be restored.

Session expired

The server has moved on; the page needs a fresh start.